 Dungeon Crawl Stone Soup version 0.22.1-6-g1668fe2 (webtiles) character file.

385 Fang the Skirmisher (level 6, -3/60 HPs)
             Began as a Gargoyle Berserker on Feb 7, 2019.
             Was an Elder of Trog.
             Splashed by a jelly's acid (5 damage)
             ... on level 4 of the Dungeon.
             The game lasted 00:05:20 (3042 turns).

Fang the Skirmisher (Gargoyle Berserker)            Turns: 3042, Time: 00:05:21

Health: -3/60      AC: -1    Str: 27    XL:     6   Next: 77%
Magic:  6/6        EV: 13    Int:  8    God:    Trog [****..]
Gold:   179        SH:  0    Dex:  9    Spells: 5/5 levels left

rFire    . . .     SeeInvis .   n - +0 war axe
rCold    . . .     Gourm    .   (no shield)
rNeg     + . .     Faith    .   b - +0 animal skin
rPois    ∞         Spirit   .   (no helmet)
rElec    +         Reflect  .   (no cloak)
rCorr    .         Harm     .   (no gloves)
MR       .....                  (no boots)
Stlth    ..........             (no amulet)
HPRegen  0.20/turn              (no ring)
MPRegen  0.10/turn              (no ring)

@: berserking, corroded, very quick
A: negative energy resistance 1, electricity resistance, unbreathing,
petrification resistance, rot immunity, AC +4
a: Berserk, Trog's Hand, Brothers in Arms, Renounce Religion


You were on level 4 of the Dungeon.
You worshipped Trog.
Trog was greatly pleased with you.
You were hungry.

You visited 1 branch of the dungeon, and saw 4 of its levels.

You collected 179 gold pieces.

Inventory:

Hand Weapons
 n - a +0 war axe (weapon)
Armour
 b - a +0 animal skin (worn)
Scrolls
 d - a scroll of magic mapping {unknown}
 e - 4 scrolls of identify {unknown}
 g - 3 scrolls of teleportation {unknown}
 h - 2 scrolls of enchant weapon {unknown}
 j - 2 scrolls of remove curse {unknown}
 k - a scroll of enchant armour {unknown}
 l - a scroll of random uselessness {unknown}
Potions
 f - 4 potions of might {unknown}
 i - a potion of mutation {unknown}
 m - a potion of cancellation {unknown}
 o - a potion of curing {unknown}
Comestibles
 a - 2 chunks of flesh
 c - 9 rations


   Skills:
 + Level 4.9 Fighting
 + Level 4.0 Axes
 + Level 4.2 Armour
 + Level 3.1 Dodging


You had 5 spell levels left.
You didn't know any spells.
Your spell library was empty.

Dungeon Overview and Level Annotations

Branches:
Dungeon (4/15)
 Temple: D:4-7

Altars:


Innate Abilities, Weirdness & Mutations

You are resistant to torment.
Your stone body is resilient. (AC +4)
You are immune to poison.
You resist negative energy. (rN+)
You are resistant to electric shocks. (rElec)
You can survive without breathing.
You are immune to petrification.
You are immune to rotting.


Message History

You slash the ooze!
You kill the ooze!
Trog accepts your kill.
Something hits the fungus.
The fungus is splashed with acid.
The acid corrodes the fungus!
Something completely misses the fungus.
You slash the ooze!
The ooze is almost dead.
The ooze misses you.
You slash the ooze!
You kill the ooze!
Trog accepts your kill.
You slash the ooze!
You kill the ooze!
Trog accepts your kill.
You slash the jelly!
Your hands burn!
* * * LOW HITPOINT WARNING * * *
The jelly is severely wounded.
The jelly misses you.
You hit the jelly. The acid corrodes you!
Your hands burn!
You die...

.# ### .#
#?.....##.####### ##.#+#
#PP.P..#(#.#....####.....
#...÷..#(#.#.....##......
#PPPJP.#.#'#....))'......
#.....÷#.#......(('......
#..PPJ.#)#......).(......
#...J..#@#.......##(.....
#÷..PP.J##......####.(...
#......########## #.....
######## ######...<.
#.......... #.###.#+###
#.#...#.# #.#.#.#.#
#.#.#÷#.#


You could see a jelly.

Vanquished Creatures
  A bullfrog (D:2)
  A jelly (D:4)
  An orc priest (D:3)
  2 orc wizards (D:3)
  5 adders
  6 oozes (D:4)
  7 worms
  6 dart slugs
  2 leopard geckos
  5 orcs
  3 giant cockroaches (D:2)
  9 hobgoblins
  3 jackals (D:3)
  18 kobolds
  2 ball pythons
  13 bats
  4 frilled lizards
  10 goblins
  12 rats
  A fungus (D:4)
111 creatures vanquished.

Vanquished Creatures (others)
  5 toadstools (D:4)
5 creatures vanquished.

Grand Total: 116 creatures vanquished

Notes
Turn   | Place    | Note
-------+----------+-------------------------------------------
     0 | D:1      | Fang the Gargoyle Berserker began the quest for the Orb.
     0 | D:1      | Reached XP level 1. HP: 14/14 MP: 1/1
    76 | D:1      | Reached XP level 2. HP: 19/19 MP: 2/2
   276 | D:1      | Reached ** piety under Trog
   276 | D:1      | Reached XP level 3. HP: 17/23 MP: 3/3
   961 | D:2      | Reached XP level 4. HP: 17/29 MP: 4/4
  1693 | D:2      | Reached *** piety under Trog
  1842 | D:3      | Noticed a bullfrog
  1855 | D:2      | HP: 2/43 [bullfrog (4)]
  1860 | D:2      | HP: 1/43 [bullfrog (1)]
  1861 | D:2      | Killed a bullfrog
  1861 | D:2      | Reached XP level 5. HP: 2/33 MP: 5/5
  2204 | D:3      | Reached XP level 6. HP: 13/39 MP: 6/6
  2984 | D:4      | Reached **** piety under Trog
  3041 | D:4      | HP: 2/60 [acid (5)]
  3042 | D:4      | Splashed by a jelly's acid

Skill      XL: |  1  2  3  4  5  6 |
---------------+-------------------+-----
Axes           | 3 4 |  4.0
Dodging        | 2 3 |  3.1
Armour         | 3 4 |  4.2
Fighting       | 4 |  4.9

Action                   |  1- 3 |  4- 6 || total
-------------------------+-------+-------++-------
Melee: Hand axe          |   123 |   123 ||   246
       War axe           |       |    99 ||    99
Invok: Berserk           |       |     4 ||     4
 Stab: Sleeping          |     1 |       ||     1
  Eat: Chunk             |       |    10 ||    10
Armor: Animal skin       |    56 |    66 ||   122
Dodge: Dodged            |    89 |   159 ||   248
